 Dungeon Crawl Stone Soup version 0.29.1-12-g30fa7ad0bf (webtiles) character file.

Game seed: 5421715454273189462

167 styxcanada the Covert (level 5, -3/26 HPs)
             Began as a Spriggan Brigand on Dec 22, 2022.
             Slain by a bullfrog (6 damage)
             ... on level 3 of the Dungeon.
             The game lasted 00:09:46 (2693 turns).

styxcanada the Covert (Spriggan Brigand)            Turns: 2693, Time: 00:09:47

Health: -3/26      AC:  3    Str:  7    XL:     5   Next: 23%
Magic:  6/6        EV: 18    Int: 13    God:
Gold:   126        SH:  0    Dex: 18    Spells: 4/4 levels left

rFire   . . .      SeeInvis +   a - +2 dagger
rCold   . . .      Faith    .   (no shield)
rNeg    . . .      Spirit   .   b - +0 robe
rPois   .          Reflect  .   (helmet restricted)
rElec   .          Harm     .   c - +0 cloak
rCorr   .          Rampage  .   (gloves unavailable)
Will    .....                   (boots unavailable)
Stlth   ++++......              (no amulet)
HPRegen 0.08/turn               (no ring)
MPRegen 0.10/turn               (no ring)

@: very quick
A: very small, no large weapons, unfitting armour, see invisible, speed 3
a: no special abilities


You were on level 3 of the Dungeon.
You visited 1 branch of the dungeon, and saw 3 of its levels.

You collected 126 gold pieces.

Inventory:

Hand Weapons
 a - a +2 dagger (weapon)
 m - a +0 sling
Missiles
 d - 4 poisoned darts (quivered)
 e - 3 curare-tipped darts
 r - 12 stones
Armour
 b - a +0 robe (worn)
 c - a +0 cloak (worn)
 p - an orb of guile
Scrolls
 f - 2 scrolls of magic mapping
 h - a scroll of identify
 i - 2 scrolls of blinking
 j - 2 scrolls of fear
 n - a scroll of torment {unknown}
 u - a scroll of immolation {unknown}
Potions
 g - 3 potions of heal wounds
 k - a potion of ambrosia
 o - a potion of lignification
 s - a potion of curing {unknown}
 t - a potion of might {unknown}


   Skills:
 * Level 2.1 Fighting
 + Level 2.9 Short Blades
 + Level 2.3 Throwing
 * Level 2.8 Dodging
 * Level 8.3 Stealth


You had 4 spell levels left.
You didn't know any spells.
Your spell library contained the following spells:

 Spells                   Type           Power      Damage    Failure   Level
 Freeze                   Ice            0%         1d3       30%         1
 Frozen Ramparts          Ice            0%         1d1       67%         3
 Hailstorm                Conj/Ice       0%         3d3       97%         4


Dungeon Overview and Level Annotations

Branches:
Dungeon (3/15)

Altars:


Innate Abilities, Weirdness & Mutations

You are very small and have problems with some larger weapons.
You are too small for most types of armour.
You have supernaturally acute eyesight. (SInv)
You cover ground extremely quickly. (Speed+++)


Message History

d - 3 poisoned darts (gained 1)
d - 4 poisoned darts (gained 1)
Found a spear.
Found an escape hatch in the ceiling.
You see here a +0 spear.
A bullfrog comes into view.
The bullfrog gives a loud, deep croak!
You miss the bullfrog. The bullfrog barely misses you.
You hit the bullfrog but do no damage. The bullfrog hits you.
You hit the bullfrog.
The bullfrog is lightly wounded.
The bullfrog hits you.
You barely miss the bullfrog.
The bullfrog is lightly wounded.
The bullfrog closely misses you. The bullfrog barely misses you.
You barely miss the bullfrog.
The bullfrog is lightly wounded.
The bullfrog closely misses you.
You closely miss the bullfrog. The bullfrog hits you.
You hit the bullfrog.
The bullfrog is lightly wounded.
The bullfrog misses you. The bullfrog closely misses you.
You hit the bullfrog.
The bullfrog is lightly wounded.
The bullfrog hits you!
You barely miss the bullfrog.
The bullfrog is lightly wounded.
The bullfrog swells and bulges.
The bullfrog barely misses you.
You hit the bullfrog.
The bullfrog is moderately wounded.
The bullfrog barely misses you.
You hit the bullfrog.
The bullfrog is heavily wounded.
The bullfrog hits you.
You barely miss the bullfrog.
The bullfrog is heavily wounded.
The bullfrog hits you.
* * * LOW HITPOINT WARNING * * *
The bullfrog hits you.
You die...

,,*,,,,,**,*,,,,,,,,,,,,,,*******
*,*,***,**,#.......#***,,,*,,,***
***,***,**,*.......****,,,*,,,,,,
>,,,,**,**,*#......,,,,,,,***,**,
,,,****,****#.....##****,,,,,,**,
,,,* *,* #......,,,,,*,******,
,,,****,* #.....#****,*,* *,
,,,,,,,,****#...F.# *,*,******,
*****#..,,,,#...@.# *,*,,,,,,,,
#.#***,#.....# *,*,*****,, #.#
*,#.#..<# *,*,,,,,,,, #.#
*,#....## *,*,*******
###.####+####)# *,*,,,,,,,,
####...........#.# *,*,**,****
...............#.# *,,,,,,*
.....†)........#.# ***,,,,*
...............#.# ******


You could see a bullfrog.

Vanquished Creatures
  Natasha (thrice) (D:2)
  2 adders (D:2)
  A worm (D:2)
  3 dart slugs (D:2)
  An orc (D:2)
  5 ball pythons
  4 bats
  5 endoplasms
  2 giant cockroaches (D:2)
  3 goblins
  8 hobgoblins
  4 jackals (D:1)
  3 quokkas
  A frilled lizard (D:2)
  3 kobolds
  16 rats
64 creatures vanquished.

Notes
Turn   | Place    | Note
-------+----------+-------------------------------------------
     0 | D:1      | styxcanada the Spriggan Brigand began the quest for the
                  | Orb.
     0 | D:1      | Reached XP level 1. HP: 10/10 MP: 2/2
    64 | D:1      | Reached skill level 6 in Stealth
   342 | D:1      | Reached XP level 2. HP: 15/15 MP: 3/3
  1130 | D:2      | Reached skill level 7 in Stealth
  1130 | D:2      | Reached XP level 3. HP: 18/18 MP: 4/4
  1643 | D:2      | Noticed Natasha
  1651 | D:2      | Killed Natasha
  1652 | D:2      | Reached XP level 4. HP: 23/23 MP: 5/5
  1967 | D:2      | Noticed Natasha
  2070 | D:2      | Killed Natasha
  2071 | D:2      | Reached skill level 8 in Stealth
  2074 | D:2      | Noticed Natasha
  2077 | D:2      | Killed Natasha
  2078 | D:2      | Reached XP level 5. HP: 18/26 MP: 6/6
  2693 | D:3      | Slain by a bullfrog

Illustrated notes

Levels and vault maps discovered:
D:1:      spicycebolla_green_bress_n_ham, layout_basic, minmay_rat_gold_closets
D:2:      minmay_inner_zag, layout_basic, corexii_shack, uniq_natasha
D:3:      layout_basic

Skill      XL: |  1  2  3  4 |
---------------+-------------+-----
Stealth        | 6 7 8 |  8.3
Dodging        | 2 |  2.8
Fighting       | 2 |  2.1
Short Blades   | |  2.9
Throwing       | |  2.3

Action                   |  1- 3 |  4- 6 || total
-------------------------+-------+-------++-------
Melee: Dagger            |    92 |    46 ||   138
Throw: Dart              |     7 |    19 ||    26
  Use: Scroll            |       |     8 ||     8
 Stab: Sleeping          |    23 |     7 ||    30
       Distracted        |     1 |       ||     1
Armor: Robe              |    12 |     1 ||    13
Dodge: Dodged            |    60 |    21 ||    81
